 Dungeon Crawl Stone Soup version 0.24-a0-640-ge7cd8ce (webtiles) character file.

Game seed: 11889182315492359772, levelgen mode: deterministic

13 DrEnzyme the Sneak (level 2, 0/18 HPs)
             Began as a Halfling Wanderer on Sept 22, 2019.
             Slain by a jackal (2 damage)
             ... on level 1 of the Dungeon on Sept 24, 2019.
             The game lasted 00:02:49 (699 turns).

DrEnzyme the Sneak (Halfling Wanderer)               Turns: 699, Time: 00:02:50

Health: 0/18       AC:  2    Str: 15    XL:     2   Next: 50%
Magic:  4/4        EV: 13    Int:  7    God:
Gold:   21         SH:  0    Dex: 14    Spells: 2/4 levels left

rFire    . . .     SeeInvis .   a - +2 dagger
rCold    . . .     Gourm    .   (shield restricted)
rNeg     . . .     Faith    .   e - +0 robe
rPois    .         Spirit   .   (no helmet)
rElec    .         Reflect  .   (no cloak)
rCorr    .         Harm     .   (no gloves)
MR       .....                  (no boots)
Stlth    +++.......             (no amulet)
HPRegen  0.06/turn              (no ring)
MPRegen  0.09/turn              (no ring)

@: no status effects
A: small, mutation resistance 1
a: no special abilities


You were on level 1 of the Dungeon.
You were not hungry.

You visited 1 branch of the dungeon, and saw 1 of its levels.

You collected 21 gold pieces.

Inventory:

Hand Weapons
 a - a +2 dagger (weapon)
Armour
 e - a +0 robe (worn)
Scrolls
 c - 2 scrolls of teleportation
 h - a scroll of remove curse
Potions
 b - a potion of heal wounds
 g - a potion of mutation
Comestibles
 f - 3 rations


   Skills:
 + Level 1.0 Fighting
 + Level 0.1 Short Blades
 + Level 5.0 Stealth
 + Level 1.6 Spellcasting
 + Level 3.1 Earth Magic


You had 2 spell levels left.
You knew the following spells:

 Your Spells              Type           Power        Failure   Level  Hunger
a - Sandblast             Erth           #.....       11%         1    ##.....
b - Shock                 Conj/Air       #...         38%         1    ##.....

Your spell library contained the following spells:

 Spells                   Type           Power        Failure   Level  Hunger
 Stone Arrow              Conj/Erth      #.....       54%         3    ####...
 Static Discharge         Conj/Air       #.......     77%         3    ####...


Dungeon Overview and Level Annotations

Branches:
Dungeon (1/15)

Altars:


Innate Abilities, Weirdness & Mutations

You are small and have problems with some larger weapons.
You are somewhat resistant to further mutation.


Message History

The jackal is almost dead.
The jackal bites you.
* * * LOW HITPOINT WARNING * * *
The jackal bites you but does no damage.
The jackal closely misses you.
You closely miss the jackal.
The jackal is almost dead.
The jackal closely misses you. The jackal bites you.
* * * LOW HITPOINT WARNING * * *
The jackal closely misses you.
You hit the jackal.
You kill the jackal!
Your Stealth skill increases to level 5!
The jackal bites you.
* * * LOW HITPOINT WARNING * * *
You closely miss the jackal. The jackal barely misses you.
You hit the jackal.
The jackal is almost dead.
The jackal bites you.
You die...

#.#######...##### #..#...#
#................##..#...#
##......................#
#................#....#...
#.#.#####...######....#...
# #...# #....#... #...#
#.#.#.[.# #...# #.#.#...#
##@..## #.......# #h†...#
##.###... #.#.#.#### #.#
#... #....>.....#.# ###.
#####.#........#.## #..
#..†....#.........###..
##.#.........#..#..)..).
#....#..###..#..##.#####
#..###..... ... #h#


You could see a jackal.

Vanquished Creatures
  3 hobgoblins (D:1)
  3 jackals (D:1)
  2 bats (D:1)
  A frilled lizard (D:1)
  4 rats (D:1)
13 creatures vanquished.

Notes
Turn   | Place    | Note
-------+----------+-------------------------------------------
     0 | D:1      | DrEnzyme the Halfling Wanderer began the quest for the Orb.
     0 | D:1      | DrEnzyme set off with the following items: a +2 dagger, a
                  | potion of heal wounds, a +0 robe, a ration; and the
                  | following spells available to memorise: Sandblast, Shock,
                  | Stone Arrow, Static Discharge
     0 | D:1      | Reached XP level 1. HP: 13/13 MP: 3/3
     2 | D:1      | Learned a level 1 spell: Sandblast
   152 | D:1      | Learned a level 1 spell: Shock
   152 | D:1      | Upgraded the game from 0.24-a0-639-gb70a11d to
                  | 0.24-a0-640-ge7cd8ce
   428 | D:1      | Reached XP level 2. HP: 14/18 MP: 4/4
   697 | D:1      | Reached skill level 5 in Stealth
   699 | D:1      | Slain by a jackal

Levels and vault maps discovered:
D:1:      minmay_arrival_open_corners, layout_loops_cross

Skill      XL: |  1  2 |
---------------+-------+-----
Stealth        | 5 |  5.0
Fighting       | |  1.0
Short Blades   | |  0.1
Spellcasting   | |  1.6
Earth Magic    | |  3.1

Action                   || total
-------------------------++-------
Melee: Dagger            ||    47
  Use: Scroll            ||     3
 Stab: Sleeping          ||     2
Armor: Robe              ||     5
Dodge: Dodged            ||    41

Table legend:
 A = Non-vault XP
 B = Vault XP
 C = Vault XP percentage of total XP
 D = Non-vault monster count
 E = Vault monster count
 F = Vault count percentage of total count
                 A         B        C        D         E       F
            +---------+---------+-------+---------+---------+-------
      Total |      19 |       0 |   0.0 |      13 |       0 |   0.0
            +---------+---------+-------+---------+---------+-------
        D:1 |      19 |       0 |   0.0 |      13 |       0 |   0.0
            +---------+---------+-------+---------+---------+-------
